 Dungeon Crawl Stone Soup version 0.29.1-1-gd02db6906a (webtiles) character file.

Game seed: 13642088827924928765

81 Icepheonix32 the Trooper (level 4, -5/41 HPs)
             Began as a Hill Orc Fighter on Oct 13, 2022.
             Killed by nerve-wracking pain
             ... invoked by an orc priest
              (11 damage)
             ... on level 3 of the Dungeon.
             The game lasted 00:04:31 (2613 turns).

Icepheonix32 the Trooper (Hill Orc Fighter)         Turns: 2613, Time: 00:04:31

Health: -5/41      AC:  9    Str: 18    XL:     4   Next: 42%
Magic:  4/4        EV:  9    Int: 10    God:
Gold:   42         SH:  4    Dex: 10    Spells: 3/3 levels left

rFire   . . .      SeeInvis +   e - +5 dagger
rCold   . . .      Faith    .   c - +0 buckler
rNeg    . . .      Spirit   .   b - +0 scale mail
rPois   .          Reflect  .   j - +0 helmet
rElec   .          Harm     .   (no cloak)
rCorr   .          Rampage  .   o - +0 pair of gloves
Will    .....                   (no boots)
Stlth   ..........              (no amulet)
HPRegen 0.13/turn               i - ring of see invisible
MPRegen 0.09/turn               (no ring)

@: mighty
A: no striking features
a: Convert to Beogh


You were on level 3 of the Dungeon.
You visited 1 branch of the dungeon, and saw 3 of its levels.

You collected 129 gold pieces.
You spent 87 gold pieces at shops.

Inventory:

Hand Weapons
 a - a +0 war axe
 e - a +5 dagger (weapon)
Missiles
 l - 11 javelins (quivered)
 n - a throwing net
Armour
 b - a +0 scale mail (worn)
 c - a +0 buckler (worn)
 j - a +0 helmet (worn)
 o - a +0 pair of gloves (worn)
Jewellery
 i - a ring of see invisible (left hand)
Scrolls
 h - 4 scrolls of teleportation
 p - 2 scrolls of vulnerability
 r - a scroll of butterflies
 s - a scroll of noise {unknown}
Potions
 f - 2 potions of brilliance
 g - a potion of invisibility {unknown}
 k - 3 potions of curing
 m - a potion of mutation


   Skills:
 * Level 4.9 Fighting
 + Level 1.8 Short Blades
 + Level 2.7 Axes
 + Level 3.9 Armour
 + Level 0.1 Dodging
 + Level 3.4 Shields


You had 3 spell levels left.
You didn't know any spells.
Your spell library contained the following spells:

 Spells                   Type           Power      Damage    Failure   Level
 Magic Dart               Conj           0%         1d3       83%         1
 Necrotise                Necr           0%         1d4       83%         1
 Call Imp                 Summ           0%         N/A       93%         2
 Mephitic Cloud           Conj/Pois/Air  0%         N/A       99%         3
 Vampiric Draining        Necr           0%         2d6       99%         3
 Agony                    Necr           0%         N/A       100%        5


Dungeon Overview and Level Annotations

Branches:
Dungeon (3/15)

Altars:
Dithmenos
Gozag

Shops:
D:2 *


Message History

The orc attacks as you move away! The orc hits you but does no damage.
The orc priest attacks as you move away!
The orc priest hits you but does no damage.
The orc attacks as you move away! The orc misses you.
The orc barely misses you.
You feel very mighty all of a sudden.
The orc priest mumbles some strange prayers to Beogh against you.
Pain shoots through your body!
* * * LOW HITPOINT WARNING * * *
The orc closely misses you. The orc hits you but does no damage.
The orc priest threatens, "By the altar or by the axe, you will meet Beogh!"
You hit the orc priest but do no damage.
The orc priest barely misses you. The orc misses you.
The orc hits you with a +0 dagger.
* * * LOW HITPOINT WARNING * * *
You puncture the orc priest!
The orc priest is severely wounded.
The orc priest closely misses you. The orc hits you with a +0 club.
* * * LOW HITPOINT WARNING * * *
The orc hits you but does no damage.
You hit the orc priest.
The orc priest is almost dead.
The orc priest hits you with a +0 short sword.
* * * LOW HITPOINT WARNING * * *
You block the orc's attack. x2
You hit the orc priest but do no damage.
The orc priest is almost dead.
The orc priest looks encouraged for a moment.
You block the orc's attack. The orc hits you but does no damage.
Unknown command.
The orc priest attacks as you move away!
The orc priest hits you but does no damage.
The orc attacks as you move away! The orc misses you.
You barely miss the orc priest.
The orc priest is almost dead.
You closely miss the orc priest.
The orc priest is almost dead.
The orc priest calls down the wrath of Beogh upon you.
Pain shoots through your body!
You die...

#.........# #....
#####.#......#
#.... #............
. #....
#........########..
####. #........#
....... #.
#........###......#
#.
#........##.......#
##
#.........#o......#
#########@oo......#
###o......#
###.....# ...#..
### .


You could see an orc priest and 3 orcs.

Vanquished Creatures
  2 adders
  A worm (D:2)
  A dart slug (D:2)
  3 ball pythons
  3 bats (D:2)
  7 endoplasms
  4 giant cockroaches
  3 goblins
  4 hobgoblins
  5 quokkas
  6 frilled lizards
  8 kobolds
  7 rats
54 creatures vanquished.

Vanquished Creatures (others)
  21 plants (D:1)
21 creatures vanquished.

Grand Total: 75 creatures vanquished

Notes
Turn   | Place    | Note
-------+----------+-------------------------------------------
     0 | D:1      | Icepheonix32 the Hill Orc Fighter began the quest for the
                  | Orb.
     0 | D:1      | Reached XP level 1. HP: 19/19 MP: 1/1
    45 | D:1      | Reached skill level 4 in Fighting
    63 | D:1      | Reached XP level 2. HP: 8/27 MP: 2/2
  1002 | D:1      | Found a faded altar of an unknown god.
  1002 | D:1      | Found a faded altar of an unknown god.
  1203 | D:2      | Reached XP level 3. HP: 28/34 MP: 3/3
  1329 | D:2      | Found Semymae's Assorted Antiques.
  1345 | D:2      | Bought a scroll labelled DECUSO BOSTROALU for 30 gold
                  | pieces
  1414 | D:2      | Reached skill level 1 in Short Blades
  2052 | D:2      | Reached XP level 4. HP: 41/41 MP: 4/4
  2248 | D:2      | Bought a clear potion for 27 gold pieces
  2248 | D:2      | Bought a scroll labelled PEUG GYDOLE for 30 gold pieces
  2390 | D:3      | Found an opulent altar of Gozag.
  2499 | D:3      | Found a shadowy altar of Dithmenos.
  2613 | D:3      | Killed from afar by an orc priest

Illustrated notes

Levels and vault maps discovered:
D:1:      dpeg_arrival_radiant, layout_basic,
          hellmonk_ecumenical_altar_the_god_not_taken, lexackson_kobold_supper
D:2:      minmay_general_purpose_star, layout_basic, serial_shops, shop_statue
D:3:      minmay_evil_eye, layout_basic, grunt_dithmenos_smoke_and_mirrors,
          nicolae_gozag_seed_capital

Skill      XL: |  1  2  3 |
---------------+----------+-----
Fighting       | 4 |  4.9
Short Blades   | 1 |  1.8
Axes           | |  2.7
Armour         | |  3.9
Dodging        | |  0.1
Shields        | |  3.4

Action                   |  1- 3 |  4- 6 || total
-------------------------+-------+-------++-------
Melee: War axe           |    11 |       ||    11
       Dagger            |   115 |    52 ||   167
  Use: Scroll            |       |     7 ||     7
       Potion            |       |     3 ||     3
Armor: Scale mail        |    46 |    29 ||    75
Dodge: Dodged            |    39 |    26 ||    65
Block: Buckler           |    26 |    11 ||    37
